 Dungeon Crawl Stone Soup version 0.28.0 (webtiles) character file.

Game seed: 9192136396550195455

20 Prodoman the Magician (level 2, -4/21 HPs)
             Began as a Demonspawn Hedge Wizard on Feb 4, 2022.
             Slain by a worm (7 damage)
             ... on level 2 of the Dungeon.
             The game lasted 00:02:30 (1635 turns).

Prodoman the Magician (Demonspawn Hedge Wizard)     Turns: 1635, Time: 00:02:32

Health: -4/21      AC:  2    Str: 10    XL:     2   Next: 58%
Magic:  5/6        EV: 12    Int: 15    God:
Gold:   96         SH:  0    Dex: 12    Spells: 6/7 levels left

rFire   . . .      SeeInvis .   a - +0 dagger
rCold   . . .      Faith    .   (no shield)
rNeg    . . .      Spirit   .   b - +0 robe
rPois   .          Reflect  .   c - +0 hat
rElec   .          Harm     .   (no cloak)
rCorr   .          Rampage  .   (no gloves)
Will    .....                   (no boots)
Stlth   ++........              (no amulet)
HPRegen 0.07/turn               d - ring of flight
MPRegen 0.10/turn               (no ring)

@: flying
A: powered by pain 1
a: no special abilities


You were on level 2 of the Dungeon.
You visited 1 branch of the dungeon, and saw 2 of its levels.

You collected 96 gold pieces.

Inventory:

Hand Weapons
 a - a +0 dagger (weapon)
Armour
 b - a +0 robe (worn)
 c - a +0 hat (worn)
Jewellery
 d - a ring of flight (left hand)
Scrolls
 f - 2 scrolls of teleportation {unknown}
 g - a scroll of immolation {unknown}
 h - a scroll of vulnerability {unknown}
 i - 2 scrolls of identify {unknown}
Potions
 e - a potion of berserk rage {unknown}


   Skills:
 + Level 1.0 Fighting
 + Level 2.1 Dodging
 - Level 1.7 Stealth
 + Level 3.2 Spellcasting
 + Level 1.5 Conjurations
 - Level 1.0 Summonings
 - Level 0.8 Translocations


You had 6 spell levels left.
You knew the following spells:

 Your Spells              Type           Power      Damage    Failure   Level
a - Magic Dart            Conj           28%        1d4       11%         1

Your spell library contained the following spells:

 Spells                   Type           Power      Damage    Failure   Level
 Summon Small Mammal      Summ           20%        N/A       13%         1
 Apportation              Tloc           8%         N/A       14%         1
 Animate Skeleton         Necr           4%         N/A       21%         1
 Slow                     Hex            8%         N/A       21%         1
 Call Imp                 Summ           5%         N/A       21%         2
 Blink                    Tloc           8%         N/A       22%         2
 Ensorcelled Hibernation  Hex/Ice        4%         N/A       30%         2
 Passwall                 Tmut/Erth      1%         N/A       30%         2
 Conjure Flame            Conj/Fire      4%         6-21      38%         3
 Mephitic Cloud           Conj/Pois/Air  3%         N/A       43%         3
 Swiftness                Air            2%         N/A       52%         3


Dungeon Overview and Level Annotations

Branches:
Dungeon (2/15)

Altars:


Innate Abilities, Weirdness & Mutations

You sometimes gain a little power by taking damage.


Message History

There is an open door here.
You now have 96 gold pieces (gained 8).
You reach down and open the door.
There is an open door here.
Found a chain mail.
Found 12 sling bullets.
You see here 12 sling bullets.
You see here a +0 chain mail.
i - 2 scrolls labelled WOLIUKIORRY (gained 1)
You reach down and open the door.
There is an open door here.
You reach down and open the door.
A worm comes into view.
Unknown command.
The worm bites you.
There is an open door here.
You hit the worm but do no damage. You hit the worm.
The worm is lightly wounded.
The worm bites you!
You hit the worm.
The worm is lightly wounded.
You barely miss the worm.
The worm is lightly wounded.
The worm misses you.
You hit the worm.
The worm is lightly wounded.
The worm bites you.
* * * LOW HITPOINT WARNING * * *
You hit the worm.
The worm is moderately wounded.
Casting: Magic Dart (safe; 11% risk of failure)
Confirm with . or Enter, or press ? or * to list all spells.
Aiming: Magic Dart (safe; 11% risk of failure)
Press: ? - help, Shift-Dir - straight line, f - worm
Aim: a worm (moderately wounded, 100% to hit)
The magic dart hits the worm.
The worm is heavily wounded.
The worm bites you!
You die...

#....# ###+#######....#
### #.........#....#
#.. #.........#....#
#..
#.........+....###..
#.........#.#.......
#.........#.#.......
#..w.....<..########
#@###...#....# #.#
###.#.##.##### #.#
#.#........#
#.#####.####.###.#
######.#.....## #.# #.#
#...##........# #.# #.#
#...##........# #.# #.#
#...##........###+###.#
#...##..............).#


You could see a worm.

Vanquished Creatures
  A dart slug (D:2)
  2 bats (D:1)
  An endoplasm (D:1)
  2 hobgoblins (D:1)
  2 quokkas
  A ball python (D:2)
  3 goblins
  2 kobolds
  3 rats (D:1)
17 creatures vanquished.

Notes
Turn   | Place    | Note
-------+----------+-------------------------------------------
     0 | D:1      | Prodoman the Demonspawn Hedge Wizard began the quest for
                  | the Orb.
     0 | D:1      | Reached XP level 1. HP: 13/13 MP: 4/4
   150 | D:1      | Found a faded altar of an unknown god.
   527 | D:1      | Gained mutation: You sometimes gain a little power by
                  | taking damage. [demonic ancestry]
   527 | D:1      | Reached XP level 2. HP: 20/20 MP: 3/6
  1457 | D:2      | Reached skill level 1 in Fighting
  1635 | D:2      | Slain by a worm

Illustrated notes

Levels and vault maps discovered:
D:1:      amcnicky_arrival_flooded_fountain, layout_basic,
          chequers_ecumenical_altar_simple
D:2:      layout_basic

Skill      XL: |  1  2 |
---------------+-------+-----
Dodging        | 2 |  2.1
Fighting       | 1 |  1.0
Stealth        | |  1.7
Spellcasting   | |  3.2
Conjurations   | |  1.5
Summonings     | |  1.0
Translocations | |  0.8

Action                   || total
-------------------------++-------
Melee: Dagger            ||    42
 Cast: Magic Dart        ||    37
Armor: Robe              ||     4
Dodge: Dodged            ||    30
